Gangsters vs Demolitions
Created - 21 février 2014 at 23:55
Goals
|
| Gangsters |
1 |
2 |
0 |
3 |
| Demolitions |
2 |
2 |
1 |
5 |
|
Shots
|
| Gangsters |
11 |
10 |
5 |
26 |
| Demolitions |
15 |
8 |
10 |
33 |
|
1st period
1. Demolitions , Anthony Stewart 33 (T.J. Hensick, Marcel Hossa) at 14:48
2. Gangsters , Ryan Keller 32 (Igor Radulov, Alexandre Bolduc) at 15:54
3. Demolitions , Troy Brouwer 28 (Ryan Craig, Brandon Bochenski) at 19:47
Penalties :
Anthony Stewart (Vic) for Cross-checking (Minor) at 17:23
2nd period
4. Demolitions , T.J. Hensick 26 (Marcel Hossa, Anthony Stewart) at 1:50
5. Gangsters , Igor Radulov 46 (Alexandre Bolduc) at 1:58
6. Gangsters , Igor Radulov 47 (Dave Dziurzynski, Staffan Kronwall) at 5:37
7. Demolitions , Brandon Bochenski 16 (Ryan Craig, Troy Brouwer) at 12:17
Penalties :
Igor Radulov (Bro) for Hooking (Minor) at 10:01, Anssi Salmela (Vic) for Roughing (Minor) at 13:04
3rd period
8. Demolitions , Vince Rocco 1 (Petr Vrana, Cal Clutterbuck) at 12:43
Penalties :
Ryan Craig (Vic) for Kneeing (Major) at 4:55, Nicolas Blanchard (Vic) for Holding (Minor) at 16:41
Goalie Stats
David LeNeveu (Bro), 28 saves from 33 shots - (0,848), L, 18-18-3, 60:00 minutes
Chad Johnson (Vic), 23 saves from 26 shots - (0,885), W, 15-10-2, 60:00 minutes
Players Stats for Gangsters
Player Name G A P +/- PIM S H SB GA TA FO MP PP MP PK MP
------------------------------------------------------------------------------------
Alexandre Bolduc 0 2 2 1 0 4 1 1 0 0 13/27 18:28 5:10 0:49
Ben Holmstrom 0 0 0 -1 0 0 0 0 0 0 4/8 13:46 1:03 0:00
Bradley Malone 0 0 0 -1 0 0 0 0 0 0 0/0 1:57 1:06 0:00
Brock Bradford 0 0 0 0 0 2 1 0 0 0 8/16 20:36 4:41 0:22
Bryan Young 0 0 0 1 0 0 1 2 0 1 0/0 20:50 4:20 0:52
Chris Bourque 0 0 0 0 0 2 3 2 0 0 1/1 21:11 4:40 0:47
Colten Teubert 0 0 0 -1 0 0 1 0 0 0 0/0 13:57 0:57 0:00
Cory Murphy 0 0 0 -2 0 2 3 0 2 2 0/0 28:42 6:05 1:07
Dave Dziurzynski 0 1 1 -1 0 0 1 1 0 2 1/1 13:28 0:00 0:48
Igor Radulov 2 1 3 0 2 8 2 1 0 0 1/1 24:57 4:58 0:00
Luke Gazdic 0 0 0 -3 0 0 0 1 0 0 0/0 8:52 0:34 0:16
Maxime Sauvé 0 0 0 -1 0 0 1 0 0 0 2/3 11:30 0:55 0:00
Nathan Moon 0 0 0 0 0 0 0 0 0 0 0/0 0:00 0:00 0:00
Phil McRae 0 0 0 0 0 0 0 0 0 0 0/0 0:00 0:00 0:00
Ryan Jones 0 0 0 -1 0 2 1 0 1 0 1/1 20:28 4:40 0:00
Ryan Keller 1 0 1 1 0 2 2 0 1 3 1/2 23:28 5:09 0:56
Staffan Kronwall 0 1 1 -3 0 2 2 2 0 1 0/0 30:22 6:05 1:07
Ville Koistinen 0 0 0 1 0 2 1 2 0 0 0/0 25:28 4:17 0:52
Players Stats for Demolitions
Player Name G A P +/- PIM S H SB GA TA FO MP PP MP PK MP
------------------------------------------------------------------------------------
Anssi Salmela 0 0 0 2 2 0 0 1 0 1 0/0 18:26 0:00 3:16
Anthony Stewart 1 1 2 2 2 4 3 2 0 0 5/5 21:30 1:33 2:47
Anton Babchuk 0 0 0 -1 0 2 2 4 1 0 0/0 28:15 1:59 6:07
Bobby Butler 0 0 0 -2 0 1 0 0 0 0 0/0 9:56 0:00 0:00
Brandon Bochenski 1 1 2 2 0 3 0 1 1 1 0/0 13:51 0:26 0:00
Cal Clutterbuck 0 1 1 0 0 2 0 0 1 0 0/0 6:32 0:00 0:00
Jordan LaVallee 0 0 0 0 0 0 0 0 0 0 0/0 2:18 0:00 1:50
Josh Beaulieu 0 0 0 0 0 0 0 0 0 0 0/0 0:07 0:00 0:07
Kyle Wharton 0 0 0 1 0 1 2 3 0 0 0/0 20:13 0:00 3:59
Marc-André Bernier 0 0 0 -2 0 0 1 0 1 1 0/0 9:56 0:00 0:00
Marcel Hossa 0 2 2 2 0 5 4 0 1 0 0/1 23:24 1:33 5:38
Masi Marjamaki 0 0 0 0 0 0 0 0 0 0 0/0 0:00 0:00 0:00
Matt Corrente 0 0 0 -1 0 1 2 3 0 1 0/0 26:08 1:59 6:07
Nicholas D'Agostino 0 0 0 1 0 0 0 0 0 0 0/0 11:59 0:00 1:33
Nick Pryor 0 0 0 1 0 0 0 0 0 0 0/0 5:01 0:00 0:50
Nicolas Blanchard 0 0 0 -2 2 0 2 0 0 0 3/9 10:30 0:00 0:31
Petr Vrana 0 1 1 0 0 1 2 0 1 0 0/0 8:57 0:00 2:00
Robert Bortuzzo 0 0 0 1 0 1 2 0 0 0 0/0 10:26 0:00 0:00
Robert Klinkhammer 0 0 0 0 0 0 0 0 0 0 0/0 0:00 0:00 0:00
Ryan Craig 0 2 2 2 5 4 2 0 1 0 6/16 13:52 0:26 0:00
Spencer Machacek 0 0 0 0 0 0 0 0 0 0 0/0 0:00 0:00 0:00
T.J. Hensick 1 1 2 2 0 6 5 0 1 0 11/24 23:24 1:33 5:38
Troy Brouwer 1 1 2 2 0 1 3 0 1 0 1/1 17:43 0:26 3:21
Vince Rocco 1 0 1 0 0 1 0 0 0 0 2/4 6:32 0:00 0:00
3 Stars
1 - T.J. Hensick (Vic)
2 - Igor Radulov (Bro)
3 - Troy Brouwer (Vic)
Power Play
Gangsters - 0 on 4 Attempt(s) - 0,00%
Demolitions - 0 on 1 Attempt(s) - 0,00%
Penalty Kill
Gangsters - 1 on 1 Attempt(s) - 100,00%
- Score 0 goal in Penalty Kill
Demolitions - 4 on 4 Attempt(s) - 100,00%
- Score 0 goal in Penalty Kill
Official
Referees : Fraser Kerry and Banfield David
Linesman : Lonnie Cameron and Vaughan Rody
Game Notes
No Game Note
Finance
Level 1 -- Attendance: 1488 (74,40%) -- Ticket Income 52 080 $
Level 2 -- Attendance: 720 (72,00%) -- Ticket Income 10 800 $
Total Attendance: 2208 (73,60%)
Total Ticket Income: 62 880 $
Other Income: 3 144 $
Total Income: 66 024 $
Gangsters
5 vs 5 Forward
Center Left Wing Right Wing Time % Phy DF OF
1 Alexandre Bolduc Igor Radulov Ryan Keller 40 1 2 2
2 Brock Bradford Chris Bourque Ryan Jones 30 1 2 2
3 Ben Holmstrom Dave Dziurzynski Igor Radulov 20 1 2 2
4 Maxime Sauvé Luke Gazdic Ryan Keller 10 1 2 2
5 vs 5 Defense
Defense Defense Time % Phy DF OF
1 Staffan Kronwall Cory Murphy 40 1 2 2
2 Ville Koistinen Bryan Young 30 1 2 2
3 Colten Teubert Staffan Kronwall 20 1 2 2
4 Cory Murphy Ville Koistinen 10 1 2 2
PowerPlay Forward
Center Left Wing Right Wing Time % Phy DF OF
1 Alexandre Bolduc Igor Radulov Ryan Keller 60 1 2 2
2 Brock Bradford Chris Bourque Ryan Jones 40 1 2 2
PowerPlay Defense
Defense Defense Time % Phy DF OF
1 Staffan Kronwall Cory Murphy 60 1 2 2
2 Ville Koistinen Bryan Young 40 1 2 2
Penalty Kill 4 Players Forward
Center Wing Time % Phy DF OF
1 Igor Radulov Ryan Keller 60 1 2 2
2 Chris Bourque Ryan Jones 40 1 2 2
Penalty Kill 4 Players Defense
Defense Defense Time % Phy DF OF
1 Staffan Kronwall Cory Murphy 60 1 2 2
2 Ville Koistinen Bryan Young 40 1 2 2
Penalty Kill - 3 Players Forward
Forward Time % Phy DF OF
1 Igor Radulov 60 1 2 2
2 Ryan Keller 40 1 2 2
Penalty Kill - 3 Players Defense
Defense Defense Time % Phy DF OF
1 Staffan Kronwall Cory Murphy 60 1 2 2
2 Ville Koistinen Bryan Young 40 1 2 2
4 vs 4 Forward
Center Wing Time % Phy DF OF
1 Igor Radulov Ryan Keller 60 1 2 2
2 Chris Bourque Ryan Jones 40 1 2 2
4 vs 4 Defense
Defense Defense Time % Phy DF OF
1 Staffan Kronwall Cory Murphy 60 1 2 2
2 Ville Koistinen Bryan Young 40 1 2 2
Last Minutes Offensive
Center Left Wing Right Wing Defense Defense
Alexandre Bolduc Igor Radulov Ryan Keller Staffan Kronwall Cory Murphy
Last Minutes Defensive
Center Left Wing Right Wing Defense Defense
Alexandre Bolduc Igor Radulov Ryan Keller Staffan Kronwall Cory Murphy
Goaltenders
Starting : David LeNeveu
Backup : Dustin Tokarski
Extra Forwards
Normal : Ben Holmstrom, Maxime Sauvé, Dave Dziurzynski - PP : Ben Holmstrom, Maxime Sauvé - PK : Dave Dziurzynski
Extra Defensemen
Normal : Colten Teubert, Bryan Young, Staffan Kronwall - PP : Colten Teubert - PK : Bryan Young, Staffan Kronwall
Penalty Shots
Igor Radulov, Ryan Keller, Chris Bourque, Ryan Jones, Alexandre Bolduc
Demolitions
5 vs 5 Forward
Center Left Wing Right Wing Time % Phy DF OF
1 T.J. Hensick Marcel Hossa Anthony Stewart 40 1 2 2
2 Ryan Craig Troy Brouwer Brandon Bochenski 30 1 2 2
3 Nicolas Blanchard Bobby Butler Marc-André Bernier 20 1 2 2
4 Vince Rocco Petr Vrana Cal Clutterbuck 10 1 2 2
5 vs 5 Defense
Defense Defense Time % Phy DF OF
1 Anton Babchuk Matt Corrente 40 1 2 2
2 Anssi Salmela Kyle Wharton 30 1 2 2
3 Robert Bortuzzo Nicholas D'Agostino 20 1 2 2
4 Nick Pryor Anton Babchuk 10 1 2 2
PowerPlay Forward
Center Left Wing Right Wing Time % Phy DF OF
1 T.J. Hensick Marcel Hossa Anthony Stewart 60 1 2 2
2 Ryan Craig Troy Brouwer Brandon Bochenski 40 1 2 2
PowerPlay Defense
Defense Defense Time % Phy DF OF
1 Anton Babchuk Matt Corrente 60 1 2 2
2 Anssi Salmela Kyle Wharton 40 1 2 2
Penalty Kill 4 Players Forward
Center Wing Time % Phy DF OF
1 T.J. Hensick Marcel Hossa 60 1 2 2
2 Anthony Stewart Troy Brouwer 40 1 2 2
Penalty Kill 4 Players Defense
Defense Defense Time % Phy DF OF
1 Anton Babchuk Matt Corrente 60 1 2 2
2 Anssi Salmela Kyle Wharton 40 1 2 2
Penalty Kill - 3 Players Forward
Forward Time % Phy DF OF
1 T.J. Hensick 60 1 2 2
2 Marcel Hossa 40 1 2 2
Penalty Kill - 3 Players Defense
Defense Defense Time % Phy DF OF
1 Anton Babchuk Matt Corrente 60 1 2 2
2 Anssi Salmela Kyle Wharton 40 1 2 2
4 vs 4 Forward
Center Wing Time % Phy DF OF
1 T.J. Hensick Marcel Hossa 60 1 2 2
2 Anthony Stewart Troy Brouwer 40 1 2 2
4 vs 4 Defense
Defense Defense Time % Phy DF OF
1 Anton Babchuk Matt Corrente 60 1 2 2
2 Anssi Salmela Kyle Wharton 40 1 2 2
Last Minutes Offensive
Center Left Wing Right Wing Defense Defense
T.J. Hensick Marcel Hossa Anthony Stewart Anton Babchuk Matt Corrente
Last Minutes Defensive
Center Left Wing Right Wing Defense Defense
T.J. Hensick Marcel Hossa Anthony Stewart Anton Babchuk Matt Corrente
Goaltenders
Starting : Chad Johnson
Backup : Antero Niittymaki
Extra Forwards
Normal : Bobby Butler, Marc-André Bernier, Petr Vrana - PP : Bobby Butler, Marc-André Bernier - PK : Petr Vrana
Extra Defensemen
Normal : Robert Bortuzzo, Nicholas D'Agostino, Nick Pryor - PP : Robert Bortuzzo - PK : Nicholas D'Agostino, Nick Pryor
Penalty Shots
T.J. Hensick, Marcel Hossa, Anthony Stewart, Troy Brouwer, Ryan Craig
% Time on Ice - Gangsters
Lines # - Real PCT - Wanted PCT - Time Play
Normal Forward
1 - 26% - 40% - 12:23
2 - 33% - 30% - 15:42
3 - 25% - 20% - 11:55
4 - 15% - 10% - 7:05
Normal Defense
1 - 32% - 40% - 14:52
2 - 30% - 30% - 14:03
3 - 25% - 20% - 11:39
4 - 14% - 10% - 6:31
PP Forward
1 - 57% - 60% - 6:15
2 - 43% - 40% - 4:41
PP Defense
1 - 61% - 60% - 6:39
2 - 39% - 40% - 4:17
PK Forward
1 - 100% - 60% - 1:59
2 - 0% - 40% - 0:00
PK Defense
1 - 56% - 60% - 1:07
2 - 44% - 40% - 0:52
PK3 Forward
1 - 0% - 60%
2 - 0% - 40%
PK3 Defense
1 - 0% - 60%
2 - 0% - 40%
44 Forward
1 - 0% - 60%
2 - 0% - 40%
44 Defense
1 - 0% - 60%
2 - 0% - 40%
Last Minute Offensive - 0:00
Last Minute Defensive - 0:00
Total
Forward - 60:00
Defense - 60:00
|
% Time on Ice - Demolitions
Lines # - Real PCT - Wanted PCT - Time Play
Normal Forward
1 - 37% - 40% - 17:13
2 - 30% - 30% - 13:56
3 - 20% - 20% - 9:24
4 - 14% - 10% - 6:32
Normal Defense
1 - 38% - 40% - 18:02
2 - 31% - 30% - 14:26
3 - 22% - 20% - 10:26
4 - 9% - 10% - 4:11
PP Forward
1 - 78% - 60% - 1:33
2 - 22% - 40% - 0:26
PP Defense
1 - 100% - 60% - 1:59
2 - 0% - 40% - 0:00
PK Forward
1 - 69% - 60% - 7:35
2 - 31% - 40% - 3:21
PK Defense
1 - 61% - 60% - 6:41
2 - 39% - 40% - 4:15
PK3 Forward
1 - 0% - 60%
2 - 0% - 40%
PK3 Defense
1 - 0% - 60%
2 - 0% - 40%
44 Forward
1 - 0% - 60%
2 - 0% - 40%
44 Defense
1 - 0% - 60%
2 - 0% - 40%
Last Minute Offensive - 0:00
Last Minute Defensive - 0:00
Total
Forward - 60:00
Defense - 60:00
|
Play by Play
1st period
0:01 of 1st period - T.J. Hensick wins face-off versus Alexandre Bolduc in neutral zone.
3:43 of 1st period - Igor Radulov is hit by Ryan Craig and loses puck.
4:02 of 1st period - Cory Murphy is hit by Robert Bortuzzo and loses puck.
4:11 of 1st period - Snap shot by T.J. Hensick.
4:11 of 1st period - Shot Blocked by Staffan Kronwall.
4:13 of 1st period - Wrist shot by Anthony Stewart.
4:13 of 1st period - Shot Misses the Net.
4:44 of 1st period - Alexandre Bolduc is hit by Kyle Wharton and loses puck.
5:50 of 1st period - Snap shot by Ryan Craig.
5:50 of 1st period - Stopped by David LeNeveu without a rebound.
5:51 of 1st period - Ben Holmstrom wins face-off versus Ryan Craig in Gangsters zone.
5:58 of 1st period - Icing by Brandon Bochenski.
5:59 of 1st period - Alexandre Bolduc wins face-off versus Ryan Craig in Demolitions zone.
6:06 of 1st period - Ryan Keller is hit by Troy Brouwer and loses puck.
6:19 of 1st period - Snap shot by Ryan Craig.
6:19 of 1st period - Stopped by David LeNeveu with a rebound.
6:21 of 1st period - Slapshot by Anton Babchuk.
6:21 of 1st period - Stopped by David LeNeveu with a rebound.
6:33 of 1st period - Snap shot by Brandon Bochenski.
6:33 of 1st period - Deflect By Ryan Craig.
6:33 of 1st period - Stopped by David LeNeveu with a rebound.
6:35 of 1st period - Snap shot by Troy Brouwer.
6:35 of 1st period - Shot Blocked by Staffan Kronwall.
6:38 of 1st period - Icing by Staffan Kronwall.
6:39 of 1st period - T.J. Hensick wins face-off versus Alexandre Bolduc in Gangsters zone.
7:30 of 1st period - Wrist shot by Staffan Kronwall.
7:30 of 1st period - Stopped by Chad Johnson without a rebound.
7:31 of 1st period - Vince Rocco wins face-off versus Ben Holmstrom in Demolitions zone.
7:46 of 1st period - Snap shot by Cal Clutterbuck.
7:46 of 1st period - Stopped by David LeNeveu with a rebound.
9:12 of 1st period - Wrist shot by Marc-André Bernier.
9:12 of 1st period - Shot Misses the Net.
9:24 of 1st period - Brock Bradford is hit by Anton Babchuk and loses puck.
10:01 of 1st period - Wrist shot by Anthony Stewart.
10:01 of 1st period - Stopped by David LeNeveu without a rebound.
10:02 of 1st period - Anthony Stewart wins face-off versus Ben Holmstrom in Gangsters zone.
10:26 of 1st period - Icing by Matt Corrente.
10:27 of 1st period - Nicolas Blanchard wins face-off versus Brock Bradford in Demolitions zone.
10:53 of 1st period - Marcel Hossa is hit by Igor Radulov and loses puck.
11:31 of 1st period - Off-side.
11:32 of 1st period - Ben Holmstrom wins face-off versus Vince Rocco in neutral zone.
11:37 of 1st period - Slapshot by Igor Radulov.
11:37 of 1st period - Stopped by Chad Johnson without a rebound.
11:38 of 1st period - T.J. Hensick wins face-off versus Brock Bradford in Demolitions zone.
11:49 of 1st period - Slapshot by T.J. Hensick.
11:49 of 1st period - Stopped by David LeNeveu without a rebound.
11:50 of 1st period - T.J. Hensick wins face-off versus Ryan Keller in Gangsters zone.
12:15 of 1st period - Anton Babchuk is hit by Cory Murphy and loses puck.
12:31 of 1st period - Icing by Bryan Young.
12:32 of 1st period - Nicolas Blanchard wins face-off versus Brock Bradford in Gangsters zone.
12:35 of 1st period - Wrist shot by Marcel Hossa.
12:35 of 1st period - Shot Misses the Net.
12:45 of 1st period - Anssi Salmela is hit by Ryan Jones and loses puck.
12:54 of 1st period - Bryan Young is hit by Marcel Hossa and loses puck.
13:01 of 1st period - Slapshot by Ryan Jones.
13:01 of 1st period - Shot Misses the Net.
13:03 of 1st period - Slapshot by Brock Bradford.
13:03 of 1st period - Stopped by Chad Johnson without a rebound.
13:04 of 1st period - Ryan Craig wins face-off versus Alexandre Bolduc in Demolitions zone.
13:04 of 1st period - Ryan Craig is hit by Alexandre Bolduc.
13:56 of 1st period - Bryan Young is hit by T.J. Hensick and loses puck.
14:03 of 1st period - Wrist shot by Anthony Stewart.
14:03 of 1st period - Shot Blocked by Luke Gazdic.
14:05 of 1st period - Wrist shot by Marcel Hossa.
14:05 of 1st period - Stopped by David LeNeveu with a rebound.
14:24 of 1st period - Icing by Anssi Salmela.
14:25 of 1st period - Igor Radulov wins face-off versus T.J. Hensick in Demolitions zone.
14:38 of 1st period - Wrist shot by Marcel Hossa.
14:38 of 1st period - Shot Misses the Net.
14:40 of 1st period - Slapshot by Kyle Wharton.
14:40 of 1st period - Shot Blocked by Igor Radulov.
14:42 of 1st period - Slapshot by Marcel Hossa.
14:42 of 1st period - Stopped by David LeNeveu with a rebound.
14:44 of 1st period - Slapshot by Marcel Hossa.
14:44 of 1st period - Stopped by David LeNeveu with a rebound.
14:46 of 1st period - Slapshot by T.J. Hensick.
14:46 of 1st period - Stopped by David LeNeveu with a rebound.
14:48 of 1st period - Wrist shot by Anthony Stewart.
14:48 of 1st period - Goal by Anthony Stewart - Gangsters : 0 - Demolitions : 1.
14:49 of 1st period - Alexandre Bolduc wins face-off versus Ryan Craig in neutral zone.
14:56 of 1st period - Wrist shot by Alexandre Bolduc.
14:56 of 1st period - Deflect By Igor Radulov.
14:56 of 1st period - Stopped by Chad Johnson with a rebound.
14:58 of 1st period - Slapshot by Cory Murphy.
14:58 of 1st period - Stopped by Chad Johnson without a rebound.
14:59 of 1st period - Ryan Keller wins face-off versus Ryan Craig in Demolitions zone.
15:20 of 1st period - Snap shot by Troy Brouwer.
15:20 of 1st period - Deflect By Ryan Craig.
15:20 of 1st period - Shot Blocked by Alexandre Bolduc.
15:20 of 1st period - Puck is out of play.
15:21 of 1st period - Anthony Stewart wins face-off versus Brock Bradford in Gangsters zone.
15:22 of 1st period - Snap shot by T.J. Hensick.
15:22 of 1st period - Shot Misses the Net.
15:46 of 1st period - Snap shot by Alexandre Bolduc.
15:46 of 1st period - Stopped by Chad Johnson without a rebound.
15:47 of 1st period - Alexandre Bolduc wins face-off versus Nicolas Blanchard in Demolitions zone.
15:54 of 1st period - Wrist shot by Ryan Keller.
15:54 of 1st period - Goal by Ryan Keller - Gangsters : 1 - Demolitions : 1.
15:55 of 1st period - T.J. Hensick wins face-off versus Alexandre Bolduc in neutral zone.
16:08 of 1st period - Snap shot by Igor Radulov.
16:08 of 1st period - Shot Blocked by Anton Babchuk.
16:10 of 1st period - Snap shot by Alexandre Bolduc.
16:10 of 1st period - Shot Blocked by Anton Babchuk.
16:20 of 1st period - T.J. Hensick is hit by Chris Bourque and loses puck.
16:33 of 1st period - Wrist shot by Anton Babchuk.
16:33 of 1st period - Stopped by David LeNeveu without a rebound.
16:34 of 1st period - Ryan Craig wins face-off versus Ben Holmstrom in Gangsters zone.
16:35 of 1st period - Snap shot by Troy Brouwer.
16:35 of 1st period - Shot Misses the Net.
16:37 of 1st period - Snap shot by Kyle Wharton.
16:37 of 1st period - Shot Blocked by Dave Dziurzynski.
16:45 of 1st period - Snap shot by Ben Holmstrom.
16:45 of 1st period - Deflect By Igor Radulov.
16:45 of 1st period - Deflect By Ryan Craig.
16:45 of 1st period - Shot Blocked by Brandon Bochenski.
16:45 of 1st period - Puck is out of play.
16:46 of 1st period - Ryan Craig wins face-off versus Alexandre Bolduc in Demolitions zone.
16:51 of 1st period - Slapshot by Anton Babchuk.
16:51 of 1st period - Shot Misses the Net.
17:01 of 1st period - Snap shot by Igor Radulov.
17:01 of 1st period - Stopped by Chad Johnson without a rebound.
17:02 of 1st period - Brock Bradford wins face-off versus T.J. Hensick in Demolitions zone.
17:05 of 1st period - Snap shot by Ryan Jones.
17:05 of 1st period - Shot Misses the Net.
17:07 of 1st period - Slapshot by Brock Bradford.
17:07 of 1st period - Deflect By T.J. Hensick.
17:07 of 1st period - Stopped by Chad Johnson with a rebound.
17:09 of 1st period - Slapshot by Staffan Kronwall.
17:09 of 1st period - Shot Misses the Net.
17:11 of 1st period - Slapshot by Brock Bradford.
17:11 of 1st period - Shot Blocked by Anton Babchuk.
17:13 of 1st period - Snap shot by Ryan Jones.
17:13 of 1st period - Stopped by Chad Johnson with a rebound.
17:15 of 1st period - Slapshot by Staffan Kronwall.
17:15 of 1st period - Shot Blocked by Anthony Stewart.
17:17 of 1st period - Snap shot by Ryan Jones.
17:17 of 1st period - Shot Blocked by Anton Babchuk.
17:23 of 1st period - Minor Penalty to Anthony Stewart for Cross-checking.
17:24 of 1st period - T.J. Hensick wins face-off versus Alexandre Bolduc in Demolitions zone.
17:33 of 1st period - Matt Corrente is hit by Igor Radulov and loses puck.
17:40 of 1st period - Slapshot by Ryan Keller.
17:40 of 1st period - Deflect By Igor Radulov.
17:40 of 1st period - Stopped by Chad Johnson without a rebound.
17:41 of 1st period - T.J. Hensick wins face-off versus Brock Bradford in Demolitions zone.
17:41 of 1st period - T.J. Hensick is hit by Staffan Kronwall.
17:51 of 1st period - Snap shot by T.J. Hensick.
17:51 of 1st period - Shot Blocked by Chris Bourque.
19:23 of 1st period - Penalty to Anthony Stewart is over, Anthony Stewart is back on ice.
19:39 of 1st period - Snap shot by Anthony Stewart.
19:39 of 1st period - Stopped by David LeNeveu without a rebound.
19:40 of 1st period - Maxime Sauvé wins face-off versus Ryan Craig in Gangsters zone.
19:47 of 1st period - Slapshot by Ryan Craig.
19:47 of 1st period - Deflect By Troy Brouwer.
19:47 of 1st period - Goal by Troy Brouwer - Gangsters : 1 - Demolitions : 2.
19:48 of 1st period - Ryan Craig wins face-off versus Alexandre Bolduc in neutral zone.
Goals for this period are 1 for Gangsters vs 2 for Demolitions.
Shots for this period are 11 for Gangsters vs 15 for Demolitions.
2nd period
0:01 of 2nd period - Anthony Stewart wins face-off versus Alexandre Bolduc in neutral zone.
0:26 of 2nd period - Chris Bourque is hit by Nicolas Blanchard and loses puck.
0:31 of 2nd period - Snap shot by Marc-André Bernier.
0:31 of 2nd period - Shot Misses the Net.
0:33 of 2nd period - Wrist shot by Kyle Wharton.
0:33 of 2nd period - Stopped by David LeNeveu without a rebound.
0:34 of 2nd period - Alexandre Bolduc wins face-off versus Ryan Craig in Gangsters zone.
0:41 of 2nd period - Snap shot by Ryan Keller.
0:41 of 2nd period - Shot Misses the Net.
1:05 of 2nd period - Snap shot by Marcel Hossa.
1:05 of 2nd period - Deflect By T.J. Hensick.
1:05 of 2nd period - Shot Misses the Net.
1:05 of 2nd period - Puck is out of play.
1:06 of 2nd period - Brock Bradford wins face-off versus T.J. Hensick in Gangsters zone.
1:06 of 2nd period - Brock Bradford is hit by Matt Corrente.
1:31 of 2nd period - Matt Corrente is hit by Dave Dziurzynski and loses puck.
1:48 of 2nd period - Snap shot by T.J. Hensick.
1:48 of 2nd period - Shot Misses the Net.
1:50 of 2nd period - Snap shot by T.J. Hensick.
1:50 of 2nd period - Goal by T.J. Hensick - Gangsters : 1 - Demolitions : 3.
1:51 of 2nd period - Alexandre Bolduc wins face-off versus Nicolas Blanchard in neutral zone.
1:58 of 2nd period - Wrist shot by Igor Radulov.
1:58 of 2nd period - Goal by Igor Radulov - Gangsters : 2 - Demolitions : 3.
1:59 of 2nd period - Alexandre Bolduc wins face-off versus Ryan Craig in neutral zone.
2:04 of 2nd period - Wrist shot by Alexandre Bolduc.
2:04 of 2nd period - Deflect By Ryan Keller.
2:04 of 2nd period - Shot Misses the Net.
2:04 of 2nd period - Puck is out of play.
2:05 of 2nd period - Alexandre Bolduc wins face-off versus Ryan Craig in Demolitions zone.
2:12 of 2nd period - Snap shot by Alexandre Bolduc.
2:12 of 2nd period - Stopped by Chad Johnson with a rebound.
3:03 of 2nd period - Wrist shot by T.J. Hensick.
3:03 of 2nd period - Shot Misses the Net.
3:13 of 2nd period - Petr Vrana is hit by Staffan Kronwall and loses puck.
3:40 of 2nd period - Cal Clutterbuck is hit by Brock Bradford and loses puck.
3:45 of 2nd period - Slapshot by Ryan Jones.
3:45 of 2nd period - Stopped by Chad Johnson with a rebound.
3:47 of 2nd period - Wrist shot by Chris Bourque.
3:47 of 2nd period - Shot Misses the Net.
3:49 of 2nd period - Wrist shot by Ryan Jones.
3:49 of 2nd period - Deflect By Chris Bourque.
3:49 of 2nd period - Shot Misses the Net.
3:49 of 2nd period - Puck is out of play.
3:50 of 2nd period - Ryan Craig wins face-off versus Ben Holmstrom in Demolitions zone.
4:01 of 2nd period - Slapshot by Igor Radulov.
4:01 of 2nd period - Stopped by Chad Johnson with a rebound.
4:15 of 2nd period - Snap shot by Chris Bourque.
4:15 of 2nd period - Stopped by Chad Johnson without a rebound.
4:16 of 2nd period - T.J. Hensick wins face-off versus Maxime Sauvé in Demolitions zone.
4:39 of 2nd period - Cory Murphy is hit by Anthony Stewart and loses puck.
4:46 of 2nd period - Ville Koistinen is hit by Anthony Stewart and loses puck.
5:06 of 2nd period - Brandon Bochenski is hit by Ville Koistinen and loses puck.
5:37 of 2nd period - Wrist shot by Igor Radulov.
5:37 of 2nd period - Goal by Igor Radulov - Gangsters : 3 - Demolitions : 3.
5:38 of 2nd period - Nicolas Blanchard wins face-off versus Brock Bradford in neutral zone.
5:52 of 2nd period - Off-side.
5:53 of 2nd period - Troy Brouwer wins face-off versus Alexandre Bolduc in neutral zone.
5:58 of 2nd period - Snap shot by Troy Brouwer.
5:58 of 2nd period - Shot Misses the Net.
6:08 of 2nd period - Snap shot by Igor Radulov.
6:08 of 2nd period - Shot Misses the Net.
6:45 of 2nd period - Backhand shot by Bobby Butler.
6:45 of 2nd period - Shot Blocked by Bryan Young.
7:42 of 2nd period - Wrist shot by Brandon Bochenski.
7:42 of 2nd period - Shot Misses the Net.
8:06 of 2nd period - Marc-André Bernier is hit by Ryan Keller and loses puck.
8:17 of 2nd period - Snap shot by Petr Vrana.
8:17 of 2nd period - Deflect By Cal Clutterbuck.
8:17 of 2nd period - Shot Blocked by Ville Koistinen.
8:17 of 2nd period - Puck is out of play.
8:18 of 2nd period - Ben Holmstrom wins face-off versus Vince Rocco in Gangsters zone.
8:18 of 2nd period - Ben Holmstrom is hit by Petr Vrana.
8:26 of 2nd period - Backhand shot by Petr Vrana.
8:26 of 2nd period - Deflect By Cal Clutterbuck.
8:26 of 2nd period - Stopped by David LeNeveu without a rebound.
8:27 of 2nd period - Brock Bradford wins face-off versus T.J. Hensick in Gangsters zone.
8:52 of 2nd period - Brandon Bochenski is hit by Ryan Keller.
9:18 of 2nd period - Snap shot by Nicolas Blanchard.
9:18 of 2nd period - Deflect By Bobby Butler.
9:18 of 2nd period - Stopped by David LeNeveu without a rebound.
9:19 of 2nd period - Brock Bradford wins face-off versus Marcel Hossa in Gangsters zone.
9:19 of 2nd period - Brock Bradford is hit by Marcel Hossa.
9:35 of 2nd period - Wrist shot by Chris Bourque.
9:35 of 2nd period - Stopped by Chad Johnson with a rebound.
9:49 of 2nd period - Off-side.
9:50 of 2nd period - Alexandre Bolduc wins face-off versus Ryan Craig in neutral zone.
10:01 of 2nd period - Minor Penalty to Igor Radulov for Hooking.
10:02 of 2nd period - Dave Dziurzynski wins face-off versus T.J. Hensick in Gangsters zone.
12:01 of 2nd period - Penalty to Igor Radulov is over, Igor Radulov is back on ice.
12:15 of 2nd period - Wrist shot by Ryan Craig.
12:15 of 2nd period - Shot Blocked by Bryan Young.
12:17 of 2nd period - Slapshot by Brandon Bochenski.
12:17 of 2nd period - Goal by Brandon Bochenski - Gangsters : 3 - Demolitions : 4.
12:18 of 2nd period - Brock Bradford wins face-off versus Nicolas Blanchard in neutral zone.
12:57 of 2nd period - Slapshot by Ryan Jones.
12:57 of 2nd period - Shot Misses the Net.
12:59 of 2nd period - Wrist shot by Chris Bourque.
12:59 of 2nd period - Shot Misses the Net.
13:01 of 2nd period - Slapshot by Cory Murphy.
13:01 of 2nd period - Deflect By Ryan Craig.
13:01 of 2nd period - Stopped by Chad Johnson without a rebound.
13:02 of 2nd period - Vince Rocco wins face-off versus Alexandre Bolduc in Demolitions zone.
13:04 of 2nd period - Minor Penalty to Anssi Salmela for Roughing.
13:05 of 2nd period - Alexandre Bolduc wins face-off versus T.J. Hensick in Demolitions zone.
13:07 of 2nd period - Slapshot by Igor Radulov.
13:07 of 2nd period - Shot Misses the Net.
13:09 of 2nd period - Snap shot by Alexandre Bolduc.
13:09 of 2nd period - Stopped by Chad Johnson without a rebound.
13:10 of 2nd period - Alexandre Bolduc wins face-off versus T.J. Hensick in Demolitions zone.
14:02 of 2nd period - Wrist shot by Ryan Keller.
14:02 of 2nd period - Deflect By Alexandre Bolduc.
14:02 of 2nd period - Shot Misses the Net.
14:02 of 2nd period - Puck is out of play.
14:03 of 2nd period - Anthony Stewart wins face-off versus Alexandre Bolduc in Demolitions zone.
14:14 of 2nd period - Snap shot by Ryan Keller.
14:14 of 2nd period - Stopped by Chad Johnson with a rebound.
14:24 of 2nd period - Wrist shot by Anthony Stewart.
14:24 of 2nd period - Stopped by David LeNeveu without a rebound.
14:25 of 2nd period - Anthony Stewart wins face-off versus Brock Bradford in Gangsters zone.
14:31 of 2nd period - Icing by Chris Bourque.
14:32 of 2nd period - Brock Bradford wins face-off versus T.J. Hensick in Gangsters zone.
14:32 of 2nd period - Brock Bradford is hit by T.J. Hensick.
15:04 of 2nd period - Penalty to Anssi Salmela is over, Anssi Salmela is back on ice.
15:53 of 2nd period - Bobby Butler is hit by Chris Bourque and loses puck.
16:23 of 2nd period - Robert Bortuzzo is hit by Colten Teubert and loses puck.
16:56 of 2nd period - Marcel Hossa is hit by Bryan Young and loses puck.
17:47 of 2nd period - Ben Holmstrom is hit by Marcel Hossa and loses puck.
18:10 of 2nd period - Bryan Young is hit by Troy Brouwer and loses puck.
18:17 of 2nd period - Ryan Craig is hit by Maxime Sauvé.
18:21 of 2nd period - Ryan Craig is hit by Cory Murphy.
18:29 of 2nd period - Slapshot by Ville Koistinen.
18:29 of 2nd period - Shot Blocked by Kyle Wharton.
18:31 of 2nd period - Snap shot by Staffan Kronwall.
18:31 of 2nd period - Shot Blocked by Kyle Wharton.
19:31 of 2nd period - Slapshot by Ryan Craig.
19:31 of 2nd period - Stopped by David LeNeveu with a rebound.
19:33 of 2nd period - Wrist shot by Brandon Bochenski.
19:33 of 2nd period - Stopped by David LeNeveu without a rebound.
19:34 of 2nd period - T.J. Hensick wins face-off versus Alexandre Bolduc in Gangsters zone.
19:45 of 2nd period - Wrist shot by Igor Radulov.
19:45 of 2nd period - Shot Blocked by Matt Corrente.
19:47 of 2nd period - Snap shot by Igor Radulov.
19:47 of 2nd period - Shot Blocked by Matt Corrente.
19:49 of 2nd period - Wrist shot by Igor Radulov.
19:49 of 2nd period - Shot Blocked by Anthony Stewart.
19:59 of 2nd period - Ryan Jones is hit by Marc-André Bernier and loses puck.
Goals for this period are 2 for Gangsters vs 2 for Demolitions.
Shots for this period are 10 for Gangsters vs 8 for Demolitions.
3rd period
0:01 of 3rd period - Alexandre Bolduc wins face-off versus T.J. Hensick in neutral zone.
0:01 of 3rd period - Alexandre Bolduc is hit by T.J. Hensick.
0:21 of 3rd period - Icing by Matt Corrente.
0:22 of 3rd period - Brock Bradford wins face-off versus T.J. Hensick in Demolitions zone.
0:43 of 3rd period - Bryan Young is hit by Matt Corrente and loses puck.
0:48 of 3rd period - Wrist shot by T.J. Hensick.
0:48 of 3rd period - Stopped by David LeNeveu without a rebound.
0:49 of 3rd period - Alexandre Bolduc wins face-off versus Nicolas Blanchard in Gangsters zone.
1:18 of 3rd period - Off-side.
1:19 of 3rd period - Ryan Jones wins face-off versus T.J. Hensick in neutral zone.
1:26 of 3rd period - Slapshot by Ryan Jones.
1:26 of 3rd period - Shot Blocked by Matt Corrente.
1:34 of 3rd period - Snap shot by Marcel Hossa.
1:34 of 3rd period - Stopped by David LeNeveu with a rebound.
2:14 of 3rd period - Wrist shot by Ryan Keller.
2:14 of 3rd period - Shot Misses the Net.
2:16 of 3rd period - Wrist shot by Igor Radulov.
2:16 of 3rd period - Shot Misses the Net.
2:57 of 3rd period - Wrist shot by Anthony Stewart.
2:57 of 3rd period - Deflect By T.J. Hensick.
2:57 of 3rd period - Stopped by David LeNeveu with a rebound.
2:59 of 3rd period - Slapshot by Robert Bortuzzo.
2:59 of 3rd period - Stopped by David LeNeveu without a rebound.
3:00 of 3rd period - Maxime Sauvé wins face-off versus Nicolas Blanchard in Gangsters zone.
3:15 of 3rd period - Snap shot by Ville Koistinen.
3:15 of 3rd period - Deflect By Bobby Butler.
3:15 of 3rd period - Stopped by Chad Johnson without a rebound.
3:16 of 3rd period - Ryan Craig wins face-off versus Brock Bradford in Demolitions zone.
3:26 of 3rd period - Snap shot by Troy Brouwer.
3:26 of 3rd period - Shot Blocked by Ville Koistinen.
3:42 of 3rd period - Maxime Sauvé is hit by T.J. Hensick and loses puck.
3:47 of 3rd period - Wrist shot by T.J. Hensick.
3:47 of 3rd period - Shot Misses the Net.
4:10 of 3rd period - Snap shot by Igor Radulov.
4:10 of 3rd period - Shot Blocked by Anssi Salmela.
4:55 of 3rd period - Major Penalty to Ryan Craig for Kneeing.
4:56 of 3rd period - T.J. Hensick wins face-off versus Alexandre Bolduc in Demolitions zone.
5:01 of 3rd period - Igor Radulov is hit by Marcel Hossa and loses puck.
5:58 of 3rd period - Staffan Kronwall is hit by Kyle Wharton.
6:23 of 3rd period - Jordan LaVallee is hit by Chris Bourque and loses puck.
8:05 of 3rd period - Chris Bourque is hit by Troy Brouwer and loses puck.
8:51 of 3rd period - Icing by Colten Teubert.
8:52 of 3rd period - Alexandre Bolduc wins face-off versus T.J. Hensick in Gangsters zone.
9:03 of 3rd period - Ryan Keller is hit by Anton Babchuk and loses puck.
9:55 of 3rd period - Penalty to Ryan Craig is over, Ryan Craig is back on ice.
10:00 of 3rd period - Anthony Stewart is hit by Cory Murphy and loses puck.
10:21 of 3rd period - Colten Teubert is hit by Robert Bortuzzo and loses puck.
11:58 of 3rd period - Igor Radulov is hit by Nicolas Blanchard and loses puck.
12:03 of 3rd period - Slapshot by Marc-André Bernier.
12:03 of 3rd period - Shot Misses the Net.
12:05 of 3rd period - Slapshot by Bobby Butler.
12:05 of 3rd period - Shot Misses the Net.
12:07 of 3rd period - Slapshot by Anssi Salmela.
12:07 of 3rd period - Shot Misses the Net.
12:36 of 3rd period - Ryan Jones is hit by Petr Vrana and loses puck.
12:41 of 3rd period - Snap shot by Petr Vrana.
12:41 of 3rd period - Stopped by David LeNeveu with a rebound.
12:43 of 3rd period - Snap shot by Vince Rocco.
12:43 of 3rd period - Goal by Vince Rocco - Gangsters : 3 - Demolitions : 5.
12:44 of 3rd period - Brock Bradford wins face-off versus T.J. Hensick in neutral zone.
12:55 of 3rd period - Snap shot by Matt Corrente.
12:55 of 3rd period - Stopped by David LeNeveu with a rebound.
12:57 of 3rd period - Slapshot by Anthony Stewart.
12:57 of 3rd period - Shot Blocked by Chris Bourque.
12:59 of 3rd period - Snap shot by T.J. Hensick.
12:59 of 3rd period - Stopped by David LeNeveu with a rebound.
13:11 of 3rd period - Cory Murphy is hit by Ryan Craig and loses puck.
13:54 of 3rd period - Wrist shot by Anthony Stewart.
13:54 of 3rd period - Shot Misses the Net.
14:00 of 3rd period - Ryan Keller is hit by T.J. Hensick and loses puck.
14:18 of 3rd period - Slapshot by Chris Bourque.
14:18 of 3rd period - Shot Misses the Net.
14:20 of 3rd period - Slapshot by Staffan Kronwall.
14:20 of 3rd period - Stopped by Chad Johnson without a rebound.
14:21 of 3rd period - Chris Bourque wins face-off versus Ryan Craig in Demolitions zone.
14:50 of 3rd period - Snap shot by Alexandre Bolduc.
14:50 of 3rd period - Shot Misses the Net.
15:05 of 3rd period - Off-side.
15:06 of 3rd period - Ben Holmstrom wins face-off versus Nicolas Blanchard in neutral zone.
15:13 of 3rd period - Wrist shot by Igor Radulov.
15:13 of 3rd period - Shot Misses the Net.
15:15 of 3rd period - Slapshot by Cory Murphy.
15:15 of 3rd period - Shot Misses the Net.
15:17 of 3rd period - Wrist shot by Dave Dziurzynski.
15:17 of 3rd period - Shot Blocked by Kyle Wharton.
15:55 of 3rd period - Wrist shot by Ville Koistinen.
15:55 of 3rd period - Deflect By Troy Brouwer.
15:55 of 3rd period - Stopped by Chad Johnson with a rebound.
16:34 of 3rd period - Wrist shot by Marcel Hossa.
16:34 of 3rd period - Stopped by David LeNeveu with a rebound.
16:41 of 3rd period - Minor Penalty to Nicolas Blanchard for Holding.
16:42 of 3rd period - T.J. Hensick wins face-off versus Alexandre Bolduc in Demolitions zone.
16:53 of 3rd period - Wrist shot by Igor Radulov.
16:53 of 3rd period - Stopped by Chad Johnson with a rebound.
16:55 of 3rd period - Slapshot by Alexandre Bolduc.
16:55 of 3rd period - Stopped by Chad Johnson with a rebound.
18:41 of 3rd period - Penalty to Nicolas Blanchard is over, Nicolas Blanchard is back on ice.
19:24 of 3rd period - Colten Teubert is hit by Anthony Stewart and loses puck.
19:59 of 3rd period - Snap shot by Brandon Bochenski.
19:59 of 3rd period - Deflect By Ville Koistinen.
19:59 of 3rd period - Stopped by David LeNeveu without a rebound.
Goals for this period are 0 for Gangsters vs 1 for Demolitions.
Shots for this period are 5 for Gangsters vs 10 for Demolitions.
Output by the SimonT Hockey Simulator (STHS) for François Prévost -- Original Page W3C XHTML 1.0 Valid